Match 46083508
Unlisted

Match 46083508
End
Scout Squad
Construct Barracks
Riflemen Squad
Riflemen Squad
Riflemen Squad
Construct Medical Station
Infantry Support Center
Construct Weapon Support Center
M3 Armored Personnel Carrier
M1919 Machine Gun Team
Engineer Squad
Bazooka Squad
M1918 Browning Automatic Rifles
Selects Heavy Weapons
Selects Assault Carriers
Selects Exchangeable Parts
M3 Assault Carrier
Advanced Logistics
Grenade Package
Demolitions Package
Bazooka Squad
Improved M9 Bazooka Rockets
Selects M26 Pershing Heavy Tank
M26 Pershing Heavy Tank
Riflemen Squad
M1919 Machine Gun Team
Construct Tank Depot
M18 Hellcat Tank Destroyer
Munitions Surplus
Theodosios
Makros
0
0

Comments sign in to comment!

No comments posted yet!